 Dungeon Crawl Stone Soup version 0.22-a0-785-g6253c82ace (webtiles) character file.

17463 Htamos the Cleaver (level 12, -1/96 HPs)
             Began as a Demonspawn Berserker on July 20, 2018.
             Was a High Priest of Trog.
             Killed from afar by a starcursed mass (7 damage)
             ... with an accursed screaming
             ... on level 2 of the Abyss.
             The game lasted 00:23:38 (12677 turns).

Htamos the Cleaver (Demonspawn Berserker)          Turns: 12677, Time: 00:23:38

Health: -1/96      AC: 19    Str: 19    XL:     12   Next: 19%
Magic:  9/9        EV: 10    Int: 10    God:    Trog [*****.]
Gold:   516        SH:  0    Dex: 14    Spells: 11/11 levels left

rFire    . . .     SeeInvis .   K - +5 executioner's axe (elec)
rCold    . . .     Gourm    .   (shield currently unavailable)
rNeg     . . .     Faith    +   H - +0 plate armour
rPois    .         Spirit   .   (helmet restricted)
rElec    .         Reflect  .   (no cloak)
rCorr    .         Harm     .   A - +1 pair of gloves
MR       .....     Rnd*Rage +   (no boots) Stlth ..........Rnd*Tele +
                                q - amulet of faith
HPRegen  0.00/turn              j - +3 ring of dexterity
MPRegen  0.11/turn              (no ring)

@: no status effects
A: antennae 2, talons 1, icy blue scales 2, [berserk 2], [clumsy 2], demonic
guardian 1, [low mp 2], [inhibited regeneration], spiny 2, [teleportitis 2]
a: Berserk, Trog's Hand, Brothers in Arms, Renounce Religion


You were on level 2 of the Abyss.
You worshipped Trog.
Trog was extremely pleased with you.
You were full.

You visited 1 branch of the dungeon, and saw 12 of its levels.
You visited the Abyss 1 time.

You collected 728 gold pieces.
You spent 212 gold pieces at shops.

Inventory:

Hand Weapons
 a - a +0 hand axe
 o - a +0 war axe of draining
 K - a +5 executioner's axe of electrocution (weapon)
Armour
 b - a +0 animal skin
 f - a +1 large shield
 p - a +0 chain mail
 A - a +1 pair of gloves (worn)
 C - a +0 pair of boots
 H - a +0 plate armour (worn)
Jewellery
 j - a +3 ring of dexterity (left hand)
 q - an amulet of faith (around neck)
 w - an uncursed ring of protection from fire
 x - an uncursed ring of protection from cold
 B - a +4 ring of protection
 G - an uncursed ring of see invisible
Wands
 i - a wand of iceblast (3)
 J - a wand of random effects (26)
Scrolls
 d - 4 scrolls of teleportation
 h - 4 scrolls of magic mapping
 k - 5 scrolls of amnesia
 t - 7 scrolls of remove curse
 y - 2 scrolls of identify
 F - a scroll of immolation {unknown}
Potions
 e - a potion of brilliance
 l - a potion of resistance
 m - 3 potions of cancellation
 n - a potion of berserk rage
 r - 5 potions of flight
 v - a potion of degeneration
 z - 2 potions of magic
 D - a potion of agility
 E - 2 potions of haste
 I - a potion of curing
Comestibles
 c - 12 rations


   Skills:
 + Level 9.6 Fighting
 * Level 9.8 Axes
 + Level 8.6 Armour
 + Level 8.6 Dodging
 - Level 6.9 Shields


You had 11 spell levels left.
You didn't know any spells.
Your spell library was empty.

Dungeon Overview and Level Annotations

Branches:
Dungeon (12/15)            Temple (0/1) D:7            Lair (0/6) D:11
    Orc (0/2) D:11

Altars:
Dithmenos
Makhleb
Trog
Yredelemnul
Zin
The Shining One

Shops:
D:6 *![[[   D:7 [


Innate Abilities, Weirdness & Mutations

You have a pair of antennae on your head.
You are mostly covered in icy blue scales. (AC +3)
A weak demonic guardian rushes to your aid.
You are mostly covered in sharp spines.
You have sharp toenails.
[You often lose your temper in combat.]
[You are very clumsy. (Dex -4)]
[Your magical capacity is very low. (-20% MP)]
[You do not regenerate when monsters are visible.]
[You are sometimes teleported next to monsters.]


Message History

The smoke demon barely misses you.
The smoke demon hits you but does no damage.
The smoke demon closely misses you.
A starcursed mass splits.
Your iron imp closely misses the smoke demon.
The smoke demon is struck by your spines.
The smoke demon barely misses you. The smoke demon closely misses you.
The smoke demon hits you but does no damage.
You slice the smoke demon!!
You kill the smoke demon!
Trog accepts your kill.
You are engulfed in a cloud of scalding steam.
The starcursed mass engulfs your white imp!
A chorus of shrieks assaults your mind.
* * * LOW HITPOINT WARNING * * *
Your quasit bites the starcursed mass but does no damage.
Your quasit completely misses the starcursed mass.
Your quasit claws the starcursed mass but does no damage.
Your white imp hits the starcursed mass but does no damage.
The starcursed mass shrieks in your mind.
You die...

. ## .#.## #..
#....# .##
#....... ##..
#.#....######...
#.. .##5ยง#..#
โ‰ˆ...#.
#..XXX5#@.#
โ‰ˆ....
##..#X.5..# . #.#
#.#{#..#....#
...###
#.{.#.#.....# ...
#.##{#......###..
โ‰ˆ...##
X.#.##....# ###
#......#..##.
.#...# .# ..#X.##
.#..##.#
#..##..#. # #.


You could see a starcursed mass, a friendly iron imp and a friendly quasit.

Vanquished Creatures
  An ice dragon (D:11)
  8 two-headed ogres
  A skeletal warrior (D:12)
  A wretched star (Abyss:2)
  2 large abominations (Abyss:2)
  An unseen horror (D:10)
  A cyclops (D:11)
  A gargoyle (D:10)
  2 smoke demons (Abyss:2)
  A rime drake (D:11)
  A kobold demonologist (D:12)
  A polar bear (D:11)
  A troll (D:11)
  A meliai zombie (D:12)
  Grinder (D:3)
  A blink frog (Abyss:2)
  4 yaks (D:11)
  4 vampire mosquitoes (D:12)
  Grum (D:11)
  2 wargs (D:11)
  Menkaure (D:7)
  2 eyes of draining
  A black bear (D:6)
  2 ice beasts
  2 sky beasts
  3 orc warriors
  A phantom (D:7)
  5 wolves (D:11)
  4 centaurs
  5 ogres
  2 bullfrogs
  2 wyvern skeletons
  7 scorpions
  3 killer bees (D:7)
  2 small abominations (Abyss:2)
  3 wights (D:6)
  A howler monkey (D:4)
  5 crimson imps
  A bullfrog zombie (D:12)
  3 jellies
  A quasit (Abyss:2)
  7 hounds
  7 orc priests
  8 orc wizards
  A bullfrog skeleton (D:7)
  2 centaur skeletons
  Terence (D:2)
  Natasha (D:2)
  2 iguanas
  11 worker ants
  A worker ant zombie (D:5)
  4 gnolls
  11 adders
  2 howler monkey skeletons
  A white imp (Abyss:2)
  4 oozes
  2 adder skeletons
  5 worms
  3 dart slugs (D:2)
  3 leopard geckos
  27 orcs
  6 bats
  3 giant cockroaches
  7 goblins
  7 hobgoblins
  19 jackals
  6 kobolds
  3 quokkas
  A ball python (D:2)
  7 frilled lizards
  2 jackal skeletons (D:4)
  A leopard gecko skeleton (D:4)
  4 rats
261 creatures vanquished.

Vanquished Creatures (collateral kills)
  A hippogriff (D:7)
  A hungry ghost (D:9)
  A sky beast (D:8)
  An ice beast (D:6)
  5 ogres
  2 centaurs (D:11)
  A bullfrog (D:6)
  An orc priest (D:7)
  A worker ant zombie (D:6)
  An adder (D:6)
  2 orcs (D:4)
17 creatures vanquished.

Vanquished Creatures (others)
  A lurking horror (Abyss:2)
  A plant (D:11)
2 creatures vanquished.

Grand Total: 280 creatures vanquished

Notes
Turn   | Place    | Note
-------+----------+-------------------------------------------
     0 | D:1      | Htamos the Demonspawn Berserker began the quest for the Orb.
     0 | D:1      | Reached XP level 1. HP: 18/18 MP: 1/1
   266 | D:1      | Gained mutation: A weak demonic guardian rushes to your aid. [demonic ancestry]
   266 | D:1      | Reached XP level 2. HP: 21/24 MP: 2/2
  1392 | D:2      | Gained mutation: You are partially covered in sharp spines. [demonic ancestry]
  1392 | D:2      | Reached XP level 3. HP: 24/29 MP: 3/3
  2023 | D:2      | Noticed Terence
  2034 | D:2      | Killed Terence
  2151 | D:2      | Gained mutation: You are mostly covered in sharp spines. [demonic ancestry]
  2151 | D:2      | Reached XP level 4. HP: 35/35 MP: 4/4
  2241 | D:2      | Reached ** piety under Trog
  2288 | D:2      | Reached skill level 1 in Shields
  2389 | D:2      | Noticed Natasha
  2397 | D:2      | Killed Natasha
  2555 | D:2      | Gained mutation: You have a pair of small antennae on your head. [demonic ancestry]
  2555 | D:2      | Reached XP level 5. HP: 42/42 MP: 5/5
  2882 | D:3      | Noticed Grinder
  2890 | D:3      | Killed Grinder
  2890 | D:3      | Reached XP level 6. HP: 48/48 MP: 6/6
  3185 | D:3      | Reached *** piety under Trog
  3453 | D:3      | Gained mutation: You are partially covered in icy blue scales. (AC +2) [demonic ancestry]
  3453 | D:3      | Reached XP level 7. HP: 39/55 MP: 7/7
  4212 | D:4      | Reached **** piety under Trog
  4408 | D:4      | Found a burning altar of Makhleb.
  4498 | D:4      | Reached skill level 5 in Fighting
  4499 | D:4      | Reached XP level 8. HP: 62/62 MP: 8/8
  4846 | D:5      | Entered Level 5 of the Dungeon
  5161 | D:5      | Reached skill level 5 in Axes
  5629 | D:5      | Found a basalt altar of Yredelemnul.
  6016 | D:6      | Found Ledwe's Distillery.
  6075 | D:6      | Found Ecane's Assorted Antiques.
  6089 | D:6      | Bought a scroll labeled IPSOPTALAA for 25 gold pieces
  6089 | D:6      | Bought a scroll labeled EKAG BYLOWUJ for 25 gold pieces
  6089 | D:6      | Bought a scroll of identify for 50 gold pieces
  6089 | D:6      | Bought a pair of boots for 112 gold pieces
  6095 | D:6      | Found a bloodstained altar of Trog.
  6118 | D:6      | Found Paecw's Antique Armour Shoppe.
  6152 | D:6      | Found Olitog's Antique Armour Shoppe.
  6311 | D:6      | Reached skill level 5 in Armour
  6311 | D:6      | Reached skill level 5 in Dodging
  6337 | D:6      | Reached ***** piety under Trog
  6464 | D:6      | Gained mutation: You are mostly covered in icy blue scales. (AC +3) [demonic ancestry]
  6464 | D:6      | Reached XP level 9. HP: 65/69 MP: 9/9
  6656 | D:6      | Found Haott's Antique Armour Boutique.
  6844 | D:7      | Found Byzo's Antique Armour Boutique.
  6891 | D:7      | Found a staircase to the Ecumenical Temple.
  7477 | D:7      | Found a glowing silver altar of Zin.
  7554 | D:7      | Reached skill level 5 in Shields
  7646 | D:7      | Noticed Menkaure
  7652 | D:7      | Killed Menkaure
  8485 | D:8      | Found a glowing golden altar of the Shining One.
  8486 | D:8      | Found a shadowy altar of Dithmenos.
  8542 | D:9      | Noticed a two-headed ogre
  8550 | D:9      | Killed a two-headed ogre
  8550 | D:9      | Reached XP level 10. HP: 74/79 MP: 10/10
  9063 | D:9      | Noticed a two-headed ogre
  9069 | D:9      | Killed a two-headed ogre
  9302 | D:10     | Entered Level 10 of the Dungeon
  9347 | D:10     | Killed an unseen horror
  9405 | D:10     | Noticed a gargoyle
  9421 | D:10     | Killed a gargoyle
  9616 | D:10     | Noticed a two-headed ogre
  9617 | D:10     | Noticed a two-headed ogre
  9629 | D:10     | Killed a two-headed ogre
  9631 | D:10     | Killed a two-headed ogre
  9745 | D:10     | Noticed a two-headed ogre
  9765 | D:10     | Killed a two-headed ogre
  9781 | D:10     | Gained mutation: You have a pair of antennae on your head. [demonic ancestry]
  9781 | D:10     | Reached XP level 11. HP: 63/86 MP: 11/11
 10003 | D:10     | Noticed a two-headed ogre
 10013 | D:10     | Killed a two-headed ogre
 10188 | D:10     | Noticed a two-headed ogre
 10193 | D:10     | Killed a two-headed ogre
 10362 | D:11     | Received a gift from Trog
 10590 | D:11     | Found a frozen archway.
 10591 | D:11     | Noticed an ice dragon
 10951 | D:10     | Gained mutation: You are weak. (Str -2) [potion of mutation]
 10951 | D:10     | Lost mutation: You are weak. (Str -2) [potion of mutation]
 10951 | D:10     | Gained mutation: You have sharp toenails. [potion of mutation]
 11106 | D:11     | Killed an ice dragon
 11143 | D:11     | Found a staircase to the Orcish Mines.
 11413 | D:11     | Noticed a two-headed ogre
 11418 | D:11     | Killed a two-headed ogre
 11484 | D:11     | Noticed Grum
 11491 | D:11     | Killed Grum
 12043 | D:11     | Found a staircase to the Lair.
 12363 | D:12     | Noticed a skeletal warrior
 12363 | D:12     | Noticed a skeletal warrior
 12363 | D:12     | Noticed a skeletal warrior
 12373 | D:12     | Killed a skeletal warrior
 12375 | D:12     | Noticed a deep elf mage
 12382 | D:12     | Cast into level 2 of the Abyss (skeletal warrior)
 12465 | Abyss:2  | Reached XP level 12. HP: 48/96 MP: 12/12
 12554 | Abyss:2  | Received a gift from Trog
 12561 | Abyss:2  | Noticed a bone dragon
 12650 | Abyss:2  | Noticed a starcursed mass
 12677 | Abyss:2  | Killed from afar by a starcursed mass

Vault maps used:
D:1:      eino_arrival_cavern_d
D:2:      mrwooster_statue_mirror, uniq_terence, uniq_natasha
D:3:      uniq_grinder
D:4:      lightli_temple_of_fire
D:5:      kennysheep_mini, first_ration
D:6:      kennysheep_little_box, serial_shops, shop, shop, nicolae_shop_trees,
          nicolae_shop_trees, shop
D:7:      old_standard_altar, minmay_temple_entry_enclosed_plants, serial_shops,
          nicolae_shop_trees, uniq_menkaure
D:8:      gammafunk_temple_overflow_pools
D:11:     erik_lair_orcish_takeover, orc_0_dummy,
          portal_ice_cave_entry_animals_and_master, uniq_grum
D:12:     grunt_ogre_cave, tso_metal_star
Abyss:2:  evilmike_abyss_exit_7

Skill      XL: |  1  2  3  4  5  6  7  8  9 10 11 |
---------------+----------------------------------+-----
Armour         | 2 3 4 5 6 7 8 |  8.6
Dodging        | 2 3 4 5 6 7 8 |  8.6
Axes           | 3 4 5 6 7 9 |  9.8
Shields        | 1 2 3 4 5 6 |  6.9
Fighting       | 4 5 6 7 8 9 |  9.6

Action                   |  1- 3 |  4- 6 |  7- 9 | 10-12 || total
-------------------------+-------+-------+-------+-------++-------
Melee: Hand axe          |   105 |   153 |     2 |       ||   260
       War axe           |       |       |   286 |   129 ||   415
       Executioner's axe |       |       |       |   129 ||   129
       Kick              |       |       |       |    34 ||    34
Invok: Berserk           |     5 |     1 |     6 |     9 ||    21
       Trog's Hand       |       |       |       |     3 ||     3
  Use: Scroll            |       |     3 |    17 |    14 ||    34
       Potion            |       |       |       |     9 ||     9
 Stab: Sleeping          |     1 |       |       |       ||     1
       Distracted        |       |       |     3 |     1 ||     4
  Eat: Chunk             |     2 |     5 |    21 |    14 ||    42
       Ration            |     2 |       |       |     5 ||     7
Armor: Animal skin       |    15 |       |       |       ||    15
       Chain mail        |    13 |    45 |    95 |     3 ||   156
       Plate armour      |       |       |       |   171 ||   171
       Skin              |       |       |       |    43 ||    43
Dodge: Dodged            |    47 |    14 |    45 |   110 ||   216
Block: Large shield      |    45 |   110 |   242 |    95 ||   492

Table legend:
 A = Spawn XP
 B = Non-spawn XP
 C = Spawn XP percentage of total XP
 D = Spawn monster count
 E = Non-spawn monster count
 F = Spawn count percentage of total count
 G = Total turns spent on level
                    A         B        C        D         E        F      G
               +---------+---------+-------+---------+---------+-------+---------
         Total |    3238 |   21710 |  13.0 |      10 |     268 |   3.6 | 12677
               +---------+---------+-------+---------+---------+-------+---------
           D:1 |       0 |      38 |   0.0 |       0 |      21 |   0.0 |  1357
           D:2 |       0 |     182 |   0.0 |       0 |      29 |   0.0 |  1311
           D:3 |       0 |     525 |   0.0 |       0 |      36 |   0.0 |  1173
           D:4 |       0 |     891 |   0.0 |       0 |      36 |   0.0 |  1005
           D:5 |       0 |     331 |   0.0 |       0 |       9 |   0.0 |   869
           D:6 |       0 |    1055 |   0.0 |       0 |      20 |   0.0 |  1105
           D:7 |       0 |    1176 |   0.0 |       0 |      18 |   0.0 |  1273
           D:8 |       0 |     602 |   0.0 |       0 |      12 |   0.0 |   436
           D:9 |       0 |    2458 |   0.0 |       0 |      13 |   0.0 |   773
          D:10 |       0 |    5460 |   0.0 |       0 |      18 |   0.0 |  1506
          D:11 |       0 |    6467 |   0.0 |       0 |      40 |   0.0 |  1289
          D:12 |       0 |    2525 |   0.0 |       0 |      16 |   0.0 |   285
       Abyss:2 |    3238 |       0 | 100.0 |      10 |       0 | 100.0 |   295
               +---------+---------+-------+---------+---------+-------+---------
